 Dungeon Crawl Stone Soup version 0.30.1-11-g7821555f0a (webtiles) character file.

Game seed: 10369728609123705860

6 KyoPewz the Vexing (level 1, -1/7 HPs)
             Began as a Felid Enchanter on Jan 2, 2024.
             Slain by a hobgoblin (4 damage)
             ... on level 1 of the Dungeon.
             The game lasted 00:00:43 (155 turns).

KyoPewz the Vexing (Felid Enchanter)                 Turns: 155, Time: 00:00:44

Health: -1/7       AC:  1    Str:  4    XL:     1   Next: 75%
Magic:  4/4        EV: 17    Int: 16    God:
Gold:   20         SH:  0    Dex: 16    Spells: 4/4 levels left
                                        Lives:  0   Deaths: 0

rFire   . .          .
                       - Unarmed
rCold   . . .        (shield unavailable)
rNeg    . . .        (body armour unavailable)
rPois   .            (helmet unavailable)
rElec   .            (cloak unavailable)
rCorr   .            (gloves unavailable)
SInv    +            (boots unavailable)
Will    .....        (no amulet)
Stlth   ++           (no ring)
HPRegen 0.21/turn    (no ring)
MPRegen 0.09/turn

%: no passive effects
@: very slow
A: very small, claws 1, fangs 3, see invisible, speed 1, shaggy fur 1, stealthy
paws, no weapons or thrown items, no armour, multi-lived
a: no special abilities


You were on level 1 of the Dungeon.
You visited 1 branch of the dungeon, and saw 1 of its levels.

You collected 20 gold pieces.

Inventory:

Scrolls
 c - 2 scrolls of fear {unknown}
 d - a scroll of immolation {unknown}
Potions
 a - 2 potions of invisibility
 b - a potion of curing {unknown}


   Skills:
 - Level 2.6 Dodging
 - Level 4.0 Stealth
 + Level 1.9 Unarmed Combat
 - Level 2.0 Spellcasting
 - Level 4.4 Hexes


You had 4 spell levels left.
You didn't know any spells.
Your spell library contained the following spells:

 Spells                   Type           Power      Damage    Failure   Level
 Confusing Touch          Hex            15%        N/A       11%         3
 Tukima's Dance           Hex            15%        N/A       11%         3
 Ensorcelled Hibernation  Hex/Ice        16%        N/A       13%         2
 Dazzling Flash           Conj/Hex       16%        N/A       26%         3


Dungeon Overview and Level Annotations

Branches:
Dungeon (1/15)

Altars:


Innate Abilities, Weirdness & Mutations

You have sharp claws.
You have razor-sharp teeth.
You have supernaturally acute eyesight. (SInv)
You cover ground quickly. (Speed+)
You are covered in fur. (AC +1)
Your paws help you pounce on unaware monsters.
You are incapable of wielding weapons or throwing items.
You cannot wear armour.
You gain extra lives every three experience levels.


Message History

c - a scroll labelled ATWATUZXO GEITH You see here a +0 plate armour.
d - a scroll labelled CIMPAI PAIL A bat comes into view.
A bat is nearby!
You see here a scroll labelled ATWATUZXO GEITH.
c - 2 scrolls labelled ATWATUZXO GEITH (gained 1)
The bat completely misses you. The bat hits you but does no damage.
You barely miss the bat. The bat misses you.
You miss the bat. The bat misses you. The bat misses you. x2
You scratch the bat.
You kill the bat!
No target in view!
You now have 20 gold pieces (gained 11).
A hobgoblin comes into view.
You enter the shallow water.
Moving in this stuff is going to be slow.
The hobgoblin misses you.
The hobgoblin splashes around in the water.
You barely miss the hobgoblin. Your claw misses the hobgoblin.
You scratch the hobgoblin.
The hobgoblin is lightly wounded.
The hobgoblin misses you.
You scratch the hobgoblin.
The hobgoblin is moderately wounded.
The hobgoblin hits you.
Ouch! That really hurt!
* * * LOW HITPOINT WARNING * * *
You take 5 damage, and have 2/7 hp.
MASSIVE DAMAGE!!
You scratch the hobgoblin. Your bite misses the hobgoblin.
The hobgoblin is severely wounded.
The hobgoblin hits you but does no damage.
Your unstable footing causes you to fumble your attack.
The hobgoblin misses you.
You scratch the hobgoblin but do no damage.
The hobgoblin is severely wounded.
The hobgoblin hits you.
Ouch! That really hurt!
You die...

#.. ~~~≈≈≈ ♣...... #..
~~♣≈~≈≈≈≈≈ ♣...### ...♣
~~≈≈≈≈≈≈≈~ ♣.#...# ...
~P~≈≈≈≈≈~~ ♣.#.#..
##.♣♣~~P≈~≈~P~ ♣#.#....
.?P♣~~~~~P~~~~♣.......
##~~~~~♣P~P~~♣~.#.....
#..~~~~P~~~~~♣~.......
#.#♣~@gP~♣~ ♣♣......#.
#.##.#♣♣♣♣~~P~♣~P.....[#.
#.#....#♣♣ ~P♣P~.#...#.#.
#........♣♣ ♣~. #...#.##
###..[....♣ .. #.......
#.......# # #.....#.
####.......+ #.....##
#..........# ###...#
#..........# #...#


You could see a hobgoblin.

Vanquished Creatures
  A dart slug (D:1)
  A bat (D:1)
  A hobgoblin (D:1)
  A kobold (D:1)
4 creatures vanquished.

Notes
Turn   | Place    | Note
-------+----------+-------------------------------------------
     0 | D:1      | KyoPewz the Felid Enchanter began the quest for the Orb.
     0 | D:1      | Reached XP level 1. HP: 7/7 MP: 4/4
   155 | D:1      | Slain by a hobgoblin

Illustrated notes

Levels and vault maps discovered:
D:1:      mrwooster_arrival_statue_3, layout_basic, serial_bayou_lake_a

Action                     || total
---------------------------++-------
  Melee: Unarmed           ||    25
         Bite              ||     4
 Armour: Skin              ||     2
  Dodge: Dodged            ||    20
